 Dungeon Crawl Stone Soup version 0.20-a0-785-g17250f0 (webtiles) character file.

156 Gorglomux the Slinger (level 5, -4/34 HPs)
             Began as a Halfling Hunter on Feb 27, 2017.
             Slain by an orc warrior
             ... wielding a +0 vampiric trident
              (14 damage)
             ... on level 3 of the Dungeon.
             The game lasted 00:05:01 (1950 turns).

Gorglomux the Slinger (Halfling Hunter)             Turns: 1950, Time: 00:05:02

Health: -4/34      AC:  4    Str: 13    XL:     5   Next: 64%
Magic:  5/5        EV: 14    Int:  9    God:
Gold:   84         SH:  0    Dex: 16    Spells: 4/4 levels left

rFire    . . .     SeeInvis .   a - +1 hunting sling
rCold    . . .     Gourm    .   c - +0 leather armour
rNeg     . . .     Faith    .   (shield restricted)
rPois    .         Spirit   .   (no helmet)
rElec    .         Reflect  .   (no cloak)
rCorr    .         Harm     .   (no gloves)
MR       .....                  k - +0 pair of boots
Stlth    ++........             (no amulet)
Regen    0.2/turn               (no ring)
MPRegen  0.1/turn               (no ring)

@: no status effects
A: mutation resistance 1
a: no special abilities


You were on level 3 of the Dungeon.
You were not hungry.

You visited 1 branch of the dungeon, and saw 3 of its levels.

You collected 84 gold pieces.

Inventory:

Hand Weapons
 a - a +1 hunting sling (weapon)
 b - a +0 short sword
Missiles
 d - 28 sling bullets (quivered)
 h - 82 stones
Armour
 c - a +0 leather armour (worn)
 k - a +0 pair of boots (worn)
Scrolls
 j - 2 scrolls of teleportation {unknown}
 l - a scroll of noise {unknown}
 m - 2 scrolls of magic mapping {unknown}
 n - 6 scrolls of identify {unknown}
 r - a scroll of immolation {unknown}
 t - a scroll of remove curse {unknown}
 w - a scroll of enchant weapon {unknown}
Potions
 i - 2 potions of haste {unknown}
 q - a potion of berserk rage {unknown}
 s - a potion of flight {unknown}
 v - a potion of curing {unknown}
Comestibles
 f - 2 bread rations
 o - 2 royal jellies
 p - a meat ration
 x - a chunk of flesh


   Skills:
 - Level 1.7 Fighting
 + Level 9.3 Slings
 - Level 2.1 Dodging
 - Level 1.1 Stealth


You had 4 spell levels left.
You didn't know any spells.

Dungeon Overview and Level Annotations

Branches:
Dungeon (3/15)

Altars:
Dithmenos


Innate Abilities, Weirdness & Mutations

You are small and have problems with some larger weapons.
You are somewhat resistant to further mutation.


Message History

Firing (i - inventory. (,) - cycle):
d - 31 sling bullets (quivered)
Press: ? - help, Shift-Dir - straight line, f/p - orc warrior
Aim: an orc warrior, wielding a vampiric trident and wearing a chain mail (heavily wounded)
You shoot a sling bullet.
The sling bullet hits the orc warrior but does no damage.
The orc warrior is heavily wounded.
Firing (i - inventory. (,) - cycle):
d - 30 sling bullets (quivered)
Press: ? - help, Shift-Dir - straight line, f/p - orc warrior
Aim: an orc warrior, wielding a vampiric trident and wearing a chain mail (heavily wounded)
You shoot a sling bullet.
The sling bullet hits the orc warrior but does no damage.
The orc warrior is heavily wounded.
The orc warrior hits you but does no damage.
Firing (i - inventory. (,) - cycle):
d - 29 sling bullets (quivered)
Press: ? - help, Shift-Dir - straight line, f/p - orc warrior
Aim: an orc warrior, wielding a vampiric trident and wearing a chain mail (heavily wounded)
You shoot a sling bullet. The sling bullet hits the orc warrior.
The orc warrior is heavily wounded.
The orc warrior hits you from afar with a vampiric trident!
You die...

#.# #(# #. #.# #. #.#
#. #.# #.##.# #..#o#
#.#(# #..@# #.#.#
...... #.#..####
...... #.##....###
....>. #.# ##......
#..... #.#
#..##.)###.. #. #.#
#..###..#..###. #.#
##...##.....##..
###.###...............


You could see an orc warrior.

Vanquished Creatures
  2 orc priests (D:3)
  3 adders
  A worm (D:2)
  A dart slug (D:1)
  3 leopard geckos
  2 orcs (D:3)
  8 bats
  4 giant cockroaches
  16 goblins
  8 hobgoblins
  5 kobolds
  A quokka (D:3)
  A ball python (D:2)
  4 rats
59 creatures vanquished.

Notes
Turn   | Place    | Note
-------+----------+-------------------------------------------
     0 | D:1      | Gorglomux the Halfling Hunter began the quest for the Orb.
     0 | D:1      | Reached XP level 1. HP: 14/14 MP: 1/1
    66 | D:1      | Reached skill level 6 in Slings
   215 | D:1      | Reached XP level 2. HP: 18/19 MP: 2/2
   517 | D:1      | Reached skill level 7 in Slings
   517 | D:1      | Reached XP level 3. HP: 24/24 MP: 3/3
  1159 | D:2      | Reached XP level 4. HP: 22/29 MP: 4/4
  1494 | D:2      | Reached skill level 8 in Slings
  1816 | D:3      | Found a shadowy altar of Dithmenos.
  1916 | D:3      | Reached skill level 9 in Slings
  1916 | D:3      | Reached XP level 5. HP: 31/34 MP: 5/5
  1917 | D:3      | Noticed an orc warrior
  1950 | D:3      | Slain by an orc warrior

Vault maps used:
D:1:      minmay_arrival_wavy_path, minmay_misc_feat_x, minmay_misc_feat_pillars
D:2:      kennysheep_the_goblin_king, first_bread, hangedman_glass_teeth
D:3:      gammafunk_temple_overflow_forgotten, nicolae_dithmenos_shadow_blocks,
          minmay_item_behind_shaft, kennysheep_generic_room_9

Skill      XL: |  1  2  3  4 |
---------------+-------------+-----
Slings         | 6 7 9 |  9.3
Fighting       | |  1.7
Dodging        | |  2.1
Stealth        | |  1.1

Action                   |  1- 3 |  4- 6 || total
-------------------------+-------+-------++-------
Melee: Short sword       |    80 |       ||    80
 Fire: Hunting sling     |    42 |   100 ||   142
 Stab: Sleeping          |     4 |       ||     4
  Eat: Chunk             |     1 |     2 ||     3
Armor: Leather armour    |    15 |     4 ||    19
Dodge: Dodged            |    63 |    23 ||    86
